 Dungeon Crawl Stone Soup version 0.17-a0-377-gdd46233 (webtiles) character file.

4 RobertPalmer the Caller (level 1, -1/16 HPs)
             Began as an Ogre Summoner on Apr 1, 2015.
             Slain by a hobgoblin (2 damage)
             ... on level 1 of the Dungeon.
             The game lasted 00:00:31 (199 turns).

RobertPalmer the Caller (Ogre Summoner)              Turns: 199, Time: 00:00:31

Health: -1/16      AC:  3    Str: 12    XL:     1   Next: 60%
Magic:  1/3        EV: 10    Int: 14    God:
Gold:   0          SH:  0    Dex: 10    Spells: 1 memorised, 3 levels left

rFire  . . .     SeeInvis .     (no weapon)
rCold  . . .     Clarity  .     a - +0 robe
rNeg   . . .     SustAb   .     (no shield)
rPois  .         Gourm    .     (helmet restricted)
rElec  .         Spirit   .     (no cloak)
rCorr  .         Warding  .     (gloves unavailable)
rMut   .         Stasis   .     (boots unavailable)
MR     .....                    (no amulet)
Stlth  +.........               (no ring)
                                (no ring)

@: not resistant to hostile enchantments, very unstealthy
A: unfitting armour, tough skin 1
a: no special abilities


You were on level 1 of the Dungeon.
You were not hungry.

You visited 1 branch of the dungeon, and saw 1 of its levels.

Inventory:

Hand weapons
 d - a +0 dagger
   (You found it on level 1 of the Dungeon)
Armour
 a - a +0 robe (worn)
Scrolls
 f - a scroll of immolation {unknown}
Potions
 e - 2 potions of restore abilities {unknown}
Books
 b - a book of Callings
Comestibles
 c - a bread ration {@e1}


   Skills:
 - Level 1.7 Dodging
 - Level 1.5 Stealth
 - Level 2.4 Spellcasting
 + Level 3.1 Summonings


You had 3 spell levels left.
You knew the following spells:

 Your Spells              Type           Power        Failure   Level  Hunger
a - Summon Small Mammal   Summ           ##..         10%         1    #......


Dungeon Overview and Level Annotations

Branches:
Dungeon (1/15)

Altars:


Innate Abilities, Weirdness & Mutations

You are too large for most types of armour.
You have tough skin (AC +1).


Message History

You start resting.
Your bat disappears in a puff of smoke!
Your magical contamination has completely faded away.
You start resting.
Your quokka disappears in a puff of smoke!
Health restored: 16; MP restored: 3 A giant newt comes into view.
A giant newt is nearby!
A giant newt is nearby!
A giant newt is nearby!
You now have 2/3 mp.
You now have 1/3 mp.
You closely miss the giant newt. The giant newt closely misses you.
You barely miss the giant newt.
The giant newt bites you but does no damage.
Your rat barely misses the giant newt.
You hit the giant newt but do no damage.
The giant newt closely misses you.
Your rat closely misses the giant newt.
You closely miss the giant newt. The giant newt bites you.
Your rat misses the giant newt.
You take 1 damage, and have 15/16 hp.
You barely miss the giant newt. The giant newt closely misses you.
Your rat misses the giant newt. You miss the giant newt.
The giant newt misses you.
Your rat closely misses the giant newt.
You miss the giant newt. The giant newt barely misses you.
Your rat bites the giant newt.
The giant newt dies!
You see here a giant newt corpse.
A giant cockroach comes into view.
The giant cockroach closely misses you.
You completely miss the giant cockroach.
The giant cockroach misses you. The giant cockroach closely misses you.
You barely miss the giant cockroach.
Your quokka bites the giant cockroach but does no damage.
The giant cockroach bites you but does no damage.
Your rat bites the giant cockroach but does no damage.
You closely miss the giant cockroach.
Your quokka closely misses the giant cockroach.
The giant cockroach bites you but does no damage.
Your rat bites the giant cockroach but does no damage.
Your quokka bites the giant cockroach but does no damage.
You barely miss the giant cockroach. The giant cockroach closely misses you.
Your quokka barely misses the giant cockroach.
Your rat closely misses the giant cockroach.
You hit the giant cockroach.
You kill the giant cockroach!
MP restored: 3 Health restored: 16
f - a scroll labeled EJARHENKIME
There are no items here.
Your quokka disappears in a puff of smoke!
You found a teleport trap!
The teleport trap disappears.
Your rat disappears!
A hobgoblin comes into view.
A hobgoblin is nearby!
A hobgoblin is nearby!
A hobgoblin is nearby!
A hobgoblin is nearby!
The hobgoblin shouts!
You now have 2/3 mp.
You now have 1/3 mp.
You barely miss the hobgoblin. The hobgoblin hits you.
You take 2 damage, and have 14/16 hp.
You hit the hobgoblin but do no damage. The hobgoblin hits you.
You take 1 damage, and have 13/16 hp.
You closely miss the hobgoblin. The hobgoblin hits you.
You take 1 damage, and have 12/16 hp.
You closely miss the hobgoblin.
The hobgoblin hits you but does no damage.
You hit the hobgoblin. The hobgoblin barely misses you.
You completely miss the hobgoblin. The hobgoblin hits you.
You take 1 damage, and have 11/16 hp.
You closely miss the hobgoblin. The hobgoblin hits you.
You take 3 damage, and have 8/16 hp.
You barely miss the hobgoblin. The hobgoblin closely misses you.
You closely miss the hobgoblin. The hobgoblin closely misses you.
Unknown command.
You hit the hobgoblin but do no damage. The hobgoblin barely misses you.
You completely miss the hobgoblin. The hobgoblin hits you.
You take 3 damage, and have 5/16 hp.
The hobgoblin hits you.
* * * LOW HITPOINT WARNING * * *
Your rat bites the hobgoblin.
You take 1 damage, and have 4/16 hp.
Unknown command.
You swap places.
The hobgoblin closely misses you.
Your rat closely misses the hobgoblin.
You barely miss the hobgoblin. The hobgoblin hits you.
* * * LOW HITPOINT WARNING * * *
Your rat barely misses the hobgoblin.
You take 3 damage, and have 1/16 hp.
Unknown command.
You swap places.
The hobgoblin hits your rat.
Your rat dies!
Your rat's corpse disappears in a puff of smoke!
Your rat bites the hobgoblin but does no damage.
The hobgoblin hits you.
You die...

####.#.#
########.##.#.##########
........................
########.##...##########
#.#.....######
#.#..........#
#.#..###.###.#
#.#########.#..##...##.##
.........rg@r+..#.....#..##
#.##....#####..#...........
#....# #..#.....#...##
#....# ##...##.#... #....#
#..###.###.#..# #....#
#.............. .....#
#.####....###.. ......#
#....####. .....#
#......##.


You could see a hobgoblin and 2 friendly rats.

Vanquished Creatures
  A hobgoblin (D:1)
  A giant cockroach (D:1)
2 creatures vanquished.

Vanquished Creatures (collateral kills)
  A goblin (D:1)
  A giant newt (D:1)
2 creatures vanquished.

Vanquished Creatures (others)
  A rat (D:1)
1 creature vanquished.

Grand Total: 5 creatures vanquished

Notes
Turn   | Place    | Note
--------------------------------------------------------------
     0 | D:1      | RobertPalmer, the Ogre Summoner, began the quest for the Orb.
     0 | D:1      | Reached XP level 1. HP: 16/16 MP: 3/3
    34 | D:1      | Reached skill level 3 in Summonings
   194 | D:1      | HP: 4/16 [hobgoblin (1)]
   196 | D:1      | HP: 1/16 [hobgoblin (3)]
   199 | D:1      | Slain by a hobgoblin

Action                   || total
-------------------------++-------
Melee: Unarmed           ||    30
 Cast: Summon Small Mamm ||     7

Vault maps used:
D:1:      lightli_molten_gateway, minmay_misc_feat_enclosed,
          minmay_misc_feat_alley

Table legend:
 A = Turns spent in this place as a percentage of turns spent in the entire game.
 B = Non-inter-level travel turns spent in this place as a percentage of non-inter-level travel turns spent in the entire game.
 C = Inter-level travel turns spent in this place as a percentage of turns spent in this place.
 D = Turns resting spent in this place as a percentage of non-inter-level travel turns spent in this place.
 E = Turns spent auto-exploring this place as a percentage of non-inter-level travel turns spent in this place.
 F = Non-inter-level travel turns spent in this place divided by the number of levels of this place that you've seen.
                   A       B       C       D       E      F
               +-------+-------+-------+-------+-------+----------------------
         Total | 100.0 | 100.0 |   0.0 |   3.1 |   6.2 |  96.0
       Dungeon | 100.0 | 100.0 |   0.0 |   3.1 |   6.2 |  96.0
               +-------+-------+-------+-------+-------+----------------------

Table legend:
 A = Kills in this place as a percentage of kills in entire the game.
 B = Kills by you in this place as a percentage of kills by you in the entire game.
 C = Kills by friends in this place as a percentage of kills by friends in the entire game.
 D = Other kills in this place as a percentage of other kills in the entire game.
 E = Experience gained in this place as a percentage of experience gained in the entire game.
 F = Experience gained in this place divided by the number of levels of this place that you have seen.
                   A       B       C       D       E      F
               +-------+-------+-------+-------+-------+----------------------
         Total | 100.0 | 100.0 | 100.0 |  -nan | 100.0 |   6.0
       Dungeon | 100.0 | 100.0 | 100.0 |  -nan | 100.0 |   6.0
               +-------+-------+-------+-------+-------+----------------------
